 Dungeon Sprint DCSS version 0.29-a0-824-gd827844252 (webtiles) character file.

Game seed: 4088358756280199670

10100000 Garessta the Intangible (level 27, -43/228 HPs)
             Began as a Djinni Warper on July 10, 2022.
             Was the Champion of Makhleb.
             Annihilated by a meat berserker
             ... wielding a +9 battleaxe
              (66 damage)
             ... in the Dungeon (Sprint VIII: "Arena of Blood").
             The game lasted 00:13:09 (101 turns).

Garessta the Intangible (Djinni Warper)              Turns: 101, Time: 00:13:10

Health: -43/228    AC:  6    Str: 10    XL:     27
Gold:   0          EV: 24    Int: 29    God:    Makhleb [******] SH:  0 Dex: 13

rFire   + + .      SeeInvis +   h - +∞ Axe of Woe
rCold   x . .      Faith    .   (shield currently unavailable)
rNeg    . . .      Spirit   .   a - +0 leather armour
rPois   ∞          Reflect  .   (no helmet)
rElec   .          Harm     .   (no cloak)
rCorr   .          Rampage  .   (no gloves)
Will    ++...      NoTele   +   (boots unavailable)
Stlth   +++++++++.              (no amulet)
HPRegen 0.48/turn               i - ring of see invisible
MPRegen 0.00/turn               (no ring)

@: calling dragons, flying, slowed, very slow
A: sickness immunity, fire resistance 2, cold vulnerability 1, float, innate
caster, HP casting, extra vitality 1
a: Renounce Religion, Minor Destruction, Lesser Servant of Makhleb, Major
Destruction, Greater Servant of Makhleb


You were in the Dungeon.
You worshipped Makhleb.
Makhleb was exalted by your worship.
You visited 1 branch

Inventory:

Hand Weapons
 h - the +∞ Axe of Woe (weapon)
   (You found it in the Dungeon)
Missiles
 c - 7 boomerangs of dispersal
Armour
 a - a +0 leather armour (worn)
Jewellery
 i - a ring of see invisible (left hand)
 j - a +100 ring of slaying
Scrolls
 b - 2 scrolls of blinking
Potions
 d - a potion of curing
 e - a potion of heal wounds
 f - a potion of haste
 g - a potion of berserk rage


   Skills:
 O Level 27 Fighting
 O Level 27 Short Blades
 O Level 27 Long Blades
 O Level 27 Axes
 O Level 27 Maces & Flails
 O Level 27 Polearms
 O Level 27 Staves
 O Level 27 Ranged Weapons
 O Level 27 Throwing
 O Level 27 Armour
 O Level 27 Dodging
 O Level 27 Stealth
 O Level 27 Shields
 O Level 27 Unarmed Combat
 O Level 27 Spellcasting
 O Level 27 Invocations
 O Level 27 Evocations


You couldn't memorise any spells.
You knew the following spells:

 Your Spells              Type           Power      Damage    Failure   Level
a - Dragon's Call         Summ           57%        N/A       1%          9
b - Lesser Beckoning      Tloc           100%       N/A       0%          3
c - Gell's Gravitas       Tloc           100%       N/A       0%          3
d - Teleport Other        Tloc           100%       N/A       0%          3
e - Manifold Assault      Tloc           100%       N/A       0%          5
f - Freeze                Ice            100%       1d11      0%          1
g - Wereblood             Tmut           100%       N/A       0%          2
h - Call Imp              Summ           100%       N/A       0%          2
i - Petrify               Tmut/Erth      100%       N/A       0%          4
j - Metabolic Englaciati  Hex/Ice        57%        N/A       0%          5
k - Alistair's Intoxicat  Tmut/Pois      76%        N/A       0%          5
l - Conjure Ball Lightni  Conj/Air       57%        3x3d21    0%          6
m - Starburst             Conj/Fire      57%        6d15      0%          6
n - Summon Cactus Giant   Summ           57%        N/A       0%          6
o - Dragon Form           Tmut           57%        N/A       0%          7
p - Enfeeble              Hex            57%        N/A       0%          7
q - Discord               Hex            57%        N/A       1%          8
r - Blink                 Tloc           100%       N/A       0%          2
Your spell library was empty.

Dungeon Overview and Level Annotations

Branches:
Dungeon (1/1)

Altars:
Makhleb


Innate Abilities, Weirdness & Mutations

You are immune to sickness and miasma.
You are immune to poison.
Your flesh is very heat resistant. (rF++)
You are vulnerable to cold. (rC-)
You float through the air rather than walking.
You learn spells naturally, not from books.
Your magical power is your life essence.
You have superior vitality. (+4 MHP)


Message History

You feel extremely nervous for a moment...
You feel horribly lethargic.
You feel as though you will be slow longer.
A dragon arrives to answer your call!
You hear a shout! x2
The observer gazes at you.
The fireball explodes!
The fireball engulfs you!! You resist.
* * * LOW HITPOINT WARNING * * *
An observer comes into view.
The meat berserker hits your shadow dragon with a +9 battleaxe!!
You hear a shout!
The observer gazes at you. Something smites you!
* * * LOW HITPOINT WARNING * * *
You hear a shout!
Your shadow dragon breathes negative energy at the bag of meat.
The bolt of negative energy hits the bag of meat!!!
The bag of meat is drained!
The bolt of negative energy hits the bag of meat!!!
The bag of meat is drained!
Your quicksilver dragon bites the destroyer!
Your quicksilver dragon claws the destroyer.
The observer gazes at you. The bolt of fire hits you! You resist.
* * * LOW HITPOINT WARNING * * *
Your shadow dragon bites the meat berserker!
Your shadow dragon claws the meat berserker. x2
Your fire dragon bites the bag of meat!
Your fire dragon claws the bag of meat.
Your fire dragon tramples the bag of meat!
The bag of meat stumbles backwards!
The destroyer gestures at you while chanting.
The destroyer blinks!
The bag of meat hits your fire dragon with a +9 war axe!!
The tyrant mumbles some strange words.
You hear a shout!
The bag of meat hits your shadow dragon with a +9 war axe!!
The bag of meat barely misses your fire dragon.
You hear a shout!
The meat berserker hits you with a +9 battleaxe!!!
You die...

...###... ..###.
..oo....###......
#.oDV...._......
.))§).#.....# .M
.)D§..#M.<)_#.))
....oo#.....#..X
#....oGG._.o○z).
.)ODoo.)###X)LG..
§§°###D)@O.X)###.
.)§..#.)))V..#..
.§...#)))..†.#.)
.))..L.L)..).)))
†))))).)..).).))
...)..))....).))
.).))).).D...)##.
.)..#.).))...#...
)).........))#.).


You could see an accursed, 3 tentacled monstrosities, 3 tyrants, an eight-headed
meat hydra, a destroyer (ally target), 3 observers, a sculptor of flesh, 2 meat
berserkers, 8 bags of meat, 2 friendly shadow dragons, a friendly fire dragon
(summoned, catching breath) and a friendly quicksilver dragon (summoned).

Vanquished Creatures
  Sigmund (D)
  6 hell beasts (D)
  8 royal mummies (D)
  3 great orbs of eyes (D)
  8 wraiths (D)
  15 vampire knights (D)
  44 ogres (D)
  7 two-headed ogres (D)
  9 liches (D)
  4 hydras (D)
  9 phantoms (D)
  58 orcs (D)
  9 skeletal warriors (D)
181 creatures vanquished.

Notes
Turn   | Place    | Note
-------+----------+-------------------------------------------
     0 | D        | Found the +∞ Axe of Woe
     0 | D        | Garessta the Djinni Warper began the quest for the Orb.
     0 | D        | Garessta set off with the following spells memorised:
                  | Blink, Lesser Beckoning, Gell's Gravitas, Teleport Other,
                  | Manifold Assault.
     0 | D        | Reached XP level 1. HP: 18/18 MP: 0/0
     0 | D        | Noticed a bag of meat
     1 | D        | Noticed a meat berserker
     2 | D        | Killed a bag of meat
     2 | D        | Noticed a bag of meat
     3 | D        | Reached XP level 2. HP: 23/23 MP: 0/0
     3 | D        | Reached XP level 3. HP: 28/28 MP: 0/0
     3 | D        | Learned a level 1 spell: Freeze
     3 | D        | Reached XP level 4. HP: 33/33 MP: 0/0
     3 | D        | Reached XP level 5. HP: 38/38 MP: 0/0
     3 | D        | Learned a level 2 spell: Wereblood
     3 | D        | Reached XP level 6. HP: 43/43 MP: 0/0
     3 | D        | Reached XP level 7. HP: 49/49 MP: 0/0
     3 | D        | Learned a level 2 spell: Call Imp
     3 | D        | Reached XP level 8. HP: 54/54 MP: 0/0
     3 | D        | Reached XP level 9. HP: 58/58 MP: 0/0
     3 | D        | Learned a level 4 spell: Petrify
     3 | D        | Reached XP level 10. HP: 64/64 MP: 0/0
     3 | D        | Reached XP level 11. HP: 68/68 MP: 0/0
     3 | D        | Learned a level 5 spell: Metabolic Englaciation
     3 | D        | Killed a meat berserker
     3 | D        | Noticed a bag of meat
     3 | D        | Noticed a bag of meat
     4 | D        | Reached XP level 12. HP: 95/95 MP: 0/0
     4 | D        | Reached XP level 13. HP: 100/100 MP: 0/0
     4 | D        | Learned a level 5 spell: Alistair's Intoxication
     6 | D        | Became a worshipper of Makhleb the Destroyer
     8 | D        | Noticed a meat berserker
     9 | D        | Noticed a meat berserker
     9 | D        | Noticed a bag of meat
     9 | D        | Noticed a bag of meat
     9 | D        | Noticed a bag of meat
    10 | D        | Noticed a bag of meat
    10 | D        | Noticed a bag of meat
    10 | D        | Noticed a bag of meat
    10 | D        | Noticed a bag of meat
    10 | D        | Noticed a meat berserker
    11 | D        | Noticed a bag of meat
    11 | D        | Noticed a bag of meat
    12 | D        | Noticed a meat berserker
    12 | D        | Noticed a large bag of meat
    13 | D        | Killed a meat berserker
    13 | D        | Killed a meat berserker
    13 | D        | Reached * piety under Makhleb
    13 | D        | Killed a bag of meat
    13 | D        | Killed a bag of meat
    13 | D        | Killed a bag of meat
    13 | D        | Reached ** piety under Makhleb
    13 | D        | Noticed a meat berserker
    14 | D        | Reached XP level 14. HP: 116/116 MP: 0/0
    14 | D        | Reached XP level 15. HP: 121/121 MP: 0/0
    14 | D        | Learned a level 6 spell: Conjure Ball Lightning
    14 | D        | Killed a meat berserker
    15 | D        | Reached XP level 16. HP: 128/128 MP: 0/0
    15 | D        | Reached *** piety under Makhleb
    15 | D        | Reached **** piety under Makhleb
    15 | D        | Noticed a meat berserker
    16 | D        | Reached skill level 27 in Dodging
    16 | D        | Reached XP level 17. HP: 133/133 MP: 0/0
    16 | D        | Learned a level 6 spell: Starburst
    16 | D        | Noticed a meat berserker
    16 | D        | Noticed a large bag of meat
    17 | D        | Killed a meat berserker
    17 | D        | Killed a meat berserker
    17 | D        | Reached ***** piety under Makhleb
    18 | D        | Reached skill level 27 in Invocations
    18 | D        | Reached XP level 18. HP: 119/151 MP: 0/0
    18 | D        | Killed a meat berserker
    18 | D        | Noticed a meat berserker
    18 | D        | Noticed a meat berserker
    19 | D        | Reached XP level 19. HP: 169/169 MP: 0/0
    19 | D        | Learned a level 6 spell: Summon Cactus Giant
    19 | D        | Killed a meat berserker
    19 | D        | Killed a large bag of meat
    19 | D        | Reached ****** piety under Makhleb
    20 | D        | Reached skill level 27 in Fighting
    20 | D        | Reached skill level 27 in Spellcasting
    20 | D        | Reached skill level 5 in Armour
    20 | D        | Reached skill level 5 in Stealth
    20 | D        | Killed a meat berserker
    20 | D        | Killed a meat berserker
    20 | D        | Killed a large bag of meat
    21 | D        | Reached skill level 27 in Axes
    21 | D        | Reached skill level 15 in Stealth
    21 | D        | Reached XP level 20. HP: 181/181 MP: 0/0
    22 | D        | Noticed a destroyer
    24 | D        | Noticed a large bag of meat
    24 | D        | Killed a large bag of meat
    24 | D        | Killed a destroyer
    25 | D        | Reached XP level 21. HP: 187/187 MP: 0/0
    25 | D        | Learned a level 7 spell: Dragon Form
    27 | D        | Noticed a large bag of meat
    28 | D        | Reached skill level 27 in Armour
    28 | D        | Reached XP level 22. HP: 194/194 MP: 0/0
    28 | D        | Noticed a large bag of meat
    28 | D        | Killed a large bag of meat
    28 | D        | Killed a large bag of meat
    28 | D        | Noticed an eight-headed meat hydra
    29 | D        | Reached skill level 27 in Stealth
    29 | D        | Reached skill level 10 in Maces & Flails
    29 | D        | Reached skill level 10 in Polearms
    29 | D        | Reached skill level 10 in Throwing
    29 | D        | Noticed an eight-headed meat hydra
    29 | D        | Noticed a meat berserker
    29 | D        | Noticed a meat berserker
    30 | D        | Killed a meat berserker
    30 | D        | Killed a nine-headed meat hydra
    31 | D        | Reached XP level 23. HP: 197/201 MP: 0/0
    31 | D        | Learned a level 7 spell: Enfeeble
    33 | D        | Reached skill level 15 in Maces & Flails
    33 | D        | Reached skill level 15 in Polearms
    33 | D        | Reached skill level 15 in Throwing
    45 | D        | Noticed an accursed
    45 | D        | Killed an accursed
    46 | D        | Reached XP level 24. HP: 208/208 MP: 0/0
    49 | D        | Noticed an accursed
    49 | D        | Killed an accursed
    50 | D        | Noticed a tyrant
    50 | D        | Killed a tyrant
    51 | D        | Reached skill level 27 in Unarmed Combat
    51 | D        | Reached XP level 25. HP: 164/214 MP: 0/0
    51 | D        | Learned a level 8 spell: Discord
    52 | D        | Noticed an accursed
    52 | D        | Killed an accursed
    53 | D        | Noticed a tyrant
    53 | D        | Noticed a tyrant
    54 | D        | Reached skill level 27 in Maces & Flails
    54 | D        | Reached skill level 27 in Polearms
    54 | D        | Reached skill level 27 in Throwing
    54 | D        | Reached skill level 15 in Staves
    54 | D        | Killed a tyrant
    54 | D        | Killed a tyrant
    55 | D        | Reached XP level 26. HP: 185/221 MP: 0/0
    55 | D        | Noticed an accursed
    55 | D        | Killed an accursed
    56 | D        | Reached skill level 27 in Staves
    56 | D        | Reached skill level 10 in Short Blades
    56 | D        | Reached skill level 10 in Long Blades
    56 | D        | Reached skill level 10 in Ranged Weapons
    56 | D        | Noticed a tyrant
    56 | D        | Noticed a destroyer
    57 | D        | Noticed a tyrant
    57 | D        | Killed a tyrant
    57 | D        | Killed a destroyer
    57 | D        | Killed a tyrant
    58 | D        | Reached skill level 15 in Short Blades
    58 | D        | Reached skill level 15 in Long Blades
    58 | D        | Reached XP level 27. HP: 228/228 MP: 0/0
    58 | D        | Learned a level 9 spell: Dragon's Call
    58 | D        | Noticed a destroyer
    58 | D        | Noticed an accursed
    59 | D        | Noticed a destroyer
    59 | D        | Noticed The Captor
    59 | D        | Noticed a dread
    60 | D        | Killed a dread
    60 | D        | Killed an accursed
    60 | D        | Killed The Captor
    60 | D        | Killed a destroyer
    60 | D        | Noticed a tyrant
    61 | D        | Reached skill level 27 in Shields
    61 | D        | Reached skill level 27 in Evocations
    61 | D        | Killed a destroyer
    61 | D        | Noticed a large bag of meat
    61 | D        | Noticed a large bag of meat
    62 | D        | Reached skill level 27 in Short Blades
    62 | D        | Reached skill level 27 in Long Blades
    62 | D        | Noticed a dread
    62 | D        | Killed a large bag of meat
    62 | D        | Killed a tyrant
    62 | D        | Killed a large bag of meat
    63 | D        | Reached skill level 27 in Ranged Weapons
    63 | D        | Noticed a destroyer
    63 | D        | Killed a dread
    63 | D        | Killed a destroyer
    64 | D        | Noticed a dread
    64 | D        | Noticed a destroyer
    65 | D        | Noticed a dread
    66 | D        | Noticed a dread
    66 | D        | Noticed a dread
    66 | D        | Killed a dread
    67 | D        | Killed a dread
    67 | D        | Noticed a destroyer
    68 | D        | Killed a destroyer
    69 | D        | Noticed a meat beast
    69 | D        | Noticed a tyrant
    69 | D        | Noticed a tyrant
    70 | D        | Killed a meat beast
    70 | D        | Killed a dread
    70 | D        | Killed a destroyer
    72 | D        | Killed a dread
    72 | D        | Noticed a meat beast
    73 | D        | Killed a tyrant
    73 | D        | Noticed a meat beast
    73 | D        | Noticed a destroyer
    74 | D        | Killed a meat beast
    74 | D        | Noticed a destroyer
    74 | D        | Noticed a meat beast
    75 | D        | Killed a meat beast
    75 | D        | Killed a destroyer
    76 | D        | Killed a meat beast
    76 | D        | Killed a tyrant
    76 | D        | Killed a destroyer
    76 | D        | Noticed a destroyer
    77 | D        | Killed a destroyer
    78 | D        | Noticed a meat beast
    79 | D        | Noticed a destroyer
    80 | D        | Noticed a meat beast
    81 | D        | Killed a meat beast
    81 | D        | Noticed an accursed
    82 | D        | Killed a meat beast
    83 | D        | Noticed an accursed
    84 | D        | Killed an accursed
    84 | D        | Killed a destroyer
    85 | D        | Noticed a dread
    85 | D        | Noticed a destroyer
    86 | D        | Killed a dread
    86 | D        | Killed a destroyer
    87 | D        | Noticed a destroyer
    87 | D        | Killed a destroyer
    88 | D        | Noticed a dread
    90 | D        | Killed an accursed
    91 | D        | Killed a dread
    91 | D        | Noticed a destroyer
    92 | D        | Noticed a tyrant
    94 | D        | Noticed an accursed
    94 | D        | Noticed a destroyer
    96 | D        | Noticed an accursed
    97 | D        | Killed a destroyer
    97 | D        | Noticed a tyrant
    98 | D        | Noticed a tyrant
    99 | D        | Killed a destroyer
    99 | D        | Noticed a destroyer
   100 | D        | Killed a tyrant
   100 | D        | Noticed a tyrant
   101 | D        | Noticed a destroyer
   101 | D        | Killed an accursed
   101 | D        | Annihilated by a meat berserker

Illustrated notes

Levels and vault maps discovered:
D:        meatsprint

Skill      XL: |  1  2  3  4  5  6  7  8  9 10 11 12 13 14 15 16 17 18 19 20 21 22 23 24 25 26 27 |
---------------+----------------------------------------------------------------------------------+-----
Axes           | 21 24 27 | 27.0
Fighting       | 11 16 20 25 27 | 27.0
Spellcasting   | 6 16 18 22 27 | 27.0
Dodging        | 20 25 27 | 27.0
Invocations    | 9 13 22 27 | 27.0
Armour         | 17 24 27 | 27.0
Stealth        | 15 22 26 27 | 27.0
Maces & Flails | 13 21 24 27 | 27.0
Polearms       | 13 21 24 27 | 27.0
Throwing       | 13 21 24 27 | 27.0
Unarmed Combat | 16 24 27 | 27.0
Staves         | 26 27 | 27.0
Short Blades   | 15 27 | 27.0
Long Blades    | 15 27 | 27.0
Ranged Weapons | 14 27 | 27.0
Shields        | 17 27 | 27.0
Evocations     | 17 27 | 27.0

Action                   |  1- 3 |  4- 6 |  7- 9 | 10-12 | 13-15 | 16-18 | 19-21 | 22-24 | 25-27 || total
-------------------------+-------+-------+-------+-------+-------+-------+-------+-------+-------++-------
Melee: Executioner's axe |     1 |       |       |     1 |     2 |     6 |    16 |    24 |   112 ||   162
 Cast: Manifold Assault  |       |       |       |       |       |     1 |     4 |     8 |    26 ||    39
       Dragon's Call     |       |       |       |       |       |       |       |       |     1 ||     1
 Stab: Distracted        |       |       |       |       |       |       |       |       |     1 ||     1
Dodge: Dodged            |       |       |       |       |       |       |       |       |     1 ||     1

Table legend: (Time is in decaauts)
 A = Elapsed time spent in this place.
 B = Non-inter-level travel time spent in this place.
 C = Inter-level travel time spent in this place.
 D = Time resting spent in this place.
 E = Time spent auto-exploring this place.
 F = Levels seen in this place.
 G = Mean time per level.
                   A        B        C        D        E       F      G
               +--------+--------+--------+--------+--------+-----+--------+
         Total |     86 |     86 |      0 |      0 |      0 |   1 |   86.0 |
       Dungeon |     86 |     86 |      0 |      0 |      0 |   1 |   86.0 |
               +--------+--------+--------+--------+--------+-----+--------+

Top non-repeatable levels by time:
       D: 86 daAuts
